 Dungeon Crawl Stone Soup version 0.28-a0-1613-gdaab1c2f9b (webtiles) character file.

Game seed: 12504698257272875330

229987 oldriver the Imperceptible (level 20, -5/127 (131) HPs)
             Began as a Kobold Hunter on Jan 20, 2022.
             Was the Champion of Dithmenos.
             Slain by a rockslime (25 damage)
             ... on level 1 of the Pits of Slime on Jan 21, 2022.
             The game lasted 02:14:39 (62621 turns).

oldriver the Imperceptible (Kobold Hunter)         Turns: 62621, Time: 02:14:39

HP:   -5/127 (131)  AC: 21    Str: 12    XL:     20   Next: 24%
MP:   0/37          EV: 21    Int:  9    God:    Dithmenos [******]
Gold: 917           SH: 14    Dex: 23    Spells: 26/29 levels left

rFire   x . .      SeeInvis .   n - +8 hunting sling of Midsummer {freeze, rF- Will+++ Str+2}
rCold   . . .      Faith    .   S - +0 kite shield {reflect}
rNeg    . . .      Spirit   +   D - +1 scale mail of an ice cave {rElec Regen+ MP+9 Int-4}
rPois   +          Reflect  +   w - +2 helmet
rElec   +          Harm     .   W - +2 cloak
rCorr   +          Rampage  .   e - +2 pair of gloves
Will    ++++.                   B - +2 pair of boots {Stlth+} Stlth ********++
                                q - amulet of guardian spirit
HPRegen 1.11/turn               o - ring of resist corrosion
MPRegen 0.25/turn               a - ring of poison resistance

@: wreathed by umbra, lightly drained
A: small, no large weapons, nightstalker 3
}: 1/15 runes: serpentine
a: Renounce Religion, Shadow Step, Shadow Form


You were on level 1 of the Pits of Slime.
You worshipped Dithmenos.
Dithmenos was exalted by your worship.
You visited 8 branches of the dungeon, and saw 35 of its levels.
You visited the Abyss 1 time.
You visited 1 bazaar.
You also visited: Bailey and Gauntlet.

You collected 3478 gold pieces.
You spent 2561 gold pieces at shops.

Inventory:

Hand Weapons
 n - the +8 hunting sling of Midsummer (weapon) {freeze, rF- Will+++ Str+2}
   (You found it on level 4 of the Dungeon)

   Any ammunition fired from it freezes those it strikes, dealing additional
   cold damage.
   It can also slow down cold-blooded creatures.
   Str:       It affects your strength (+2).
   rF:        It makes you vulnerable to fire.
   Will:      It greatly increases your willpower.
 H - the +4 hunting sling of the Illusory Allies {venom, Drain Fly Int+4 SInv}
   (You bought it in a shop in a bazaar)

   Any ammunition fired from it poisons the flesh of those it strikes.
   Int:       It affects your intelligence (+4).
   SInv:      It lets you see invisible.
   Fly:       It grants you flight.
   Drain:     It drains your maximum health when unequipped.
Missiles
 b - 126 stones
 d - 124 sling bullets (quivered ammo)
 m - 30 poisoned darts
 R - 2 throwing nets
 X - 3 curare-tipped darts
Armour
 e - a +2 pair of gloves (worn)
 w - a +2 helmet (worn)
 B - a +2 pair of boots of stealth (worn)
 D - the +1 scale mail of an ice cave (worn) {rElec Regen+ MP+9 Int-4}
   (You found it on level 1 of the Lair of Beasts)

   Int:       It affects your intelligence (-4).
   rElec:     It insulates you from electricity.
   MP:        It affects your magic capacity (+9).
   Regen:     It increases your rate of health regeneration.
 S - a +0 kite shield of reflection (worn)
 W - a +2 cloak (worn)
Jewellery
 a - a ring of poison resistance (right hand)
 o - a ring of resist corrosion (left hand)
 q - an amulet of guardian spirit (around neck)
 Q - a ring of protection from cold
 V - a ring of protection from fire
 Z - a ring of fire
Wands
 v - a wand of polymorph (29)
 x - a wand of iceblast (16)
 C - a wand of digging (20)
 N - a wand of paralysis (7)
 O - a wand of charming (6)
 Y - a wand of mindburst (9)
Scrolls
 c - 4 scrolls of blinking
 i - a scroll of torment
 j - 7 scrolls of teleportation
 r - a scroll of fear
 s - a scroll of enchant armour
 t - 3 scrolls of fog
 y - a scroll of holy word
 I - 2 scrolls of magic mapping
 J - 2 scrolls of silence
 L - 6 scrolls of identify
Potions
 f - 9 potions of curing
 g - 5 potions of haste
 h - 2 potions of resistance
 k - 4 potions of heal wounds
 l - 3 potions of berserk rage
 u - 3 potions of cancellation
 z - 9 potions of invisibility
 E - 4 potions of mutation
 K - a potion of magic
 P - 8 potions of flight
 T - 3 potions of might
Miscellaneous
 F - a lightning rod (1/4)
 G - a condenser vane
 U - a phantom mirror


   Skills:
 + Level 15.9 Fighting
 + Level 13.2 Slings
 + Level 6.5 Armour
 + Level 16.2 Dodging
 + Level 22.3 Stealth
 + Level 10.9 Shields
 - Level 5.0 Spellcasting
 - Level 5.0 Summonings
 + Level 11.5 Invocations
 - Level 10.0 Evocations


You had 26 spell levels left.
You knew the following spells:

 Your Spells              Type           Power      Damage    Failure   Level
a - Call Canine Familiar  Summ           11%        N/A       77%         3

Your spell library contained the following spells:

 Spells                   Type           Power      Damage    Failure   Level
 Summon Small Mammal      Summ           44%        N/A       38%         1
 Call Imp                 Summ           11%        N/A       52%         2
 Animate Skeleton         Necr           4%         N/A       97%         1
 Apportation              Tloc           4%         N/A       97%         1
 Magic Dart               Conj           8%         1d3       97%         1
 Sting                    Tmut/Pois      8%         1d3       97%         1
 Summon Guardian Golem    Hex/Summ       6%         N/A       98%         3
 Corpse Rot               Necr/Air       4%         N/A       99%         2
 Ensorcelled Hibernation  Hex/Ice        4%         N/A       99%         2
 Poisonous Vapours        Pois/Air       4%         N/A       99%         2
 Static Discharge         Conj/Air       2%         N/A       99%         2
 Sublimation of Blood     Necr           2%         N/A       99%         2
 Wereblood                Tmut           2%         N/A       99%         2
 Mephitic Cloud           Conj/Pois/Air  2%         N/A       100%        3
 Spider Form              Tmut/Pois      2%         N/A       100%        3
 Tukima's Dance           Hex            2%         N/A       100%        3
 Airstrike                Air            1%         N/A       100%        4
 Anguish                  Hex/Necr       1%         N/A       100%        4
 Animate Armour           Summ/Erth      12%        N/A       100%        4
 Cause Fear               Hex            1%         N/A       100%        4
 Olgreb's Toxic Radiance  Pois           2%         N/A       100%        4
 Petrify                  Tmut/Erth      2%         N/A       100%        4
 Summon Lightning Spire   Summ/Air       6%         N/A       100%        4
 Alistair's Intoxication  Tmut/Pois      1%         N/A       100%        5
 Blade Hands              Tmut           1%         N/A       100%        5
 Borgnjor's Vile Clutch   Necr/Erth      1%         N/A       100%        5
 Excruciating Wounds      Necr           1%         N/A       100%        5
 Irradiate                Conj/Tmut      1%         3d13      100%        5
 Iskenderun's Battlesphe  Conj           2%         2d6       100%        5
 Lightning Bolt           Conj/Air       1%         1d12      100%        5
 Dispersal                Tloc           1%         N/A       100%        6
 Eringya's Noxious Bog    Tmut/Pois      1%         N/A       100%        6
 Iron Shot                Conj/Erth      1%         9d1       100%        6
 Dragon Form              Tmut           1%         N/A       100%        7
 Enfeeble                 Hex            1%         N/A       100%        7
 Haunt                    Necr/Summ      3%         N/A       100%        7
 Spellforged Servitor     Conj/Summ      3%         N/A       100%        7
 Summon Hydra             Summ           5%         N/A       100%        7
 Disjunction              Tloc           1%         N/A       100%        8
 Maxwell's Capacitive Co  Air            1%         ∞         100%        8
 Necromutation            Tmut/Necr      1%         N/A       100%        8
 Chain Lightning          Conj/Air       1%         3d1       100%        9
 Dragon's Call            Summ           5%         N/A       100%        9
 Fire Storm               Conj/Fire      1%         7d1       100%        9
 Shatter                  Erth           1%         3d5*      100%        9


Dungeon Overview and Level Annotations

Branches:
Dungeon (15/15)            Temple (1/1) D:6            Lair (6/6) D:11
  Swamp (3/4) Lair:2        Snake (4/4) Lair:2        Slime (1/5) Lair:5
    Orc (2/2) D:11            Elf (3/3) Orc:2        Vaults (0/5) D:14
 Depths (0/4) D:15         Bailey (visited)         Gauntlet (visited)

Altars:
Ashenzari
Cheibriados
Dithmenos
Elyvilon
Fedhas
Gozag
Hepliaklqana
Kikubaaqudgha
Makhleb
Nemelex Xobeh
Okawaru
Qazlal
Ru
Sif Muna
Trog
Uskayaw
Vehumet
Wu Jian
Xom
Yredelemnul
Zin
The Shining One
Beogh

Shops:
D:5 ?   D:13 :   D:15 *   Orc:1 (   Orc:2 [??=   Elf:1 (*   Elf:2 !
Snake:3 =:   Snake:4 ?

Portals:
Trove: D:12 (show abyssal rune of Zot)

Annotations:
D:9 Grum
D:11 2 transporters, SirDiesAlot's ghost, journeyman GrEE
D:14 2 transporters
Swamp:2 1 runed translucent door, dhel's ghost, journeyman TrMo
Elf:2 5 runed translucent doors


Innate Abilities, Weirdness & Mutations

You are small and have problems with some larger weapons.
You are completely attuned to the shadows.


Message History

The rockslime is almost dead.
The rockslime hits you but does no damage.
You shoot a stone.
The stone hits the rockslime but does no damage.
The rockslime is severely wounded.
The rockslime hits you!!
You stumble backwards!
You are too injured to fight recklessly!
You are too injured to fight recklessly!
You are too injured to fight recklessly!
You are too injured to fight recklessly!
You are too injured to fight recklessly!
You are too injured to fight recklessly!
Fire: 127 sling bullets
Press: ? - help, Q - select action, (/) - cycle Shift-Dir - straight line, f/p - rockslime
Aim: a rockslime (black smoke, severely wounded, umbra, 93% to hit)
You shoot a sling bullet.
The sling bullet barely misses the rockslime.
You block the rockslime's attack.
Fire: 126 sling bullets
Press: ? - help, Q - select action, (/) - cycle Shift-Dir - straight line, f/p - rockslime
Aim: a rockslime (black smoke, severely wounded, umbra, 93% to hit)
You shoot a sling bullet.
The sling bullet hits the rockslime but does no damage.
The rockslime is severely wounded.
Your shadow shoots a sling bullet.
The sling bullet hits the rockslime but does no damage.
The rockslime hits you!!
* * * LOW HITPOINT WARNING * * *
You emit a cloud of dark smoke.
You stumble backwards!
Fire: 125 sling bullets
Press: ? - help, Q - select action, (/) - cycle Shift-Dir - straight line, f/p - rockslime
Aim: a rockslime (black smoke, severely wounded, umbra, 93% to hit)
You shoot a sling bullet.
The sling bullet hits the rockslime but does no damage.
The rockslime is severely wounded.
The rockslime hits you!!
* * * LOW HITPOINT WARNING * * *
You stumble backwards!
You feel much better. The rockslime hits you!!
You die...

#.### ##....(...##
...#.########...(^...#
.....≈##≈≈......(...##
........≈≈...≈§§§§§.#
^..#.......≈≈§§§§§§.#
.......≈≈≈.≈≈≈§§§§§##
.......≈≈≈≈≈..§§§§§##
.......≈.≈.≈≈.§§J§§.#
.......≈....≈≈§§@§..#
..#....≈.≈≈.≈≈≈≈...##
.............≈≈.....#
.....#.......≈.≈.#.##
..####...##......###
.## ##.####.... ## ###


You could see a rockslime.

Vanquished Creatures
  Vashnia (Snake:4)
  A tentacled monstrosity (Swamp:2)
  2 acid blobs (Slime:1)
  A deep elf master archer (Elf:2)
  Gastronok (D:11)
  Agnes (D:15)
  A thorn hunter (Swamp:2)
  2 nagarajas (Snake:4)
  A rockslime (Slime:1)
  Louise (Swamp:2)
  Aizul (Snake:3)
  A quicksilver ooze (Slime:1)
  Nessos (D:13)
  An eleionoma (Swamp:2)
  A minotaur (Lair:2)
  2 bunyips (Swamp:1)
  A black draconian (Abyss:3)
  An eidolon (Abyss:3)
  A deep elf death mage (Elf:3)
  An ettin (D:15)
  5 salamander tyrants
  Fannar (D:12)
  Harold (Lair:2)
  4 boulder beetles
  14 hydras
  6 centaur warriors
  16 naga warriors
  3 catoblepae (Lair:6)
  Erolcha (D:12)
  2 ogre magi (D:15)
  11 anacondas
  13 two-headed ogres
  2 alligators (Swamp:2)
  A tengu warrior (D:15)
  6 death yaks
  22 naga sharpshooters
  13 dancing weapons
  A thrashing horror (Abyss:3)
  6 shock serpents
  7 orc high priests
  A wretched star (Abyss:3)
  8 deep elf knights
  Sonja (D:12)
  4 skeletal warriors (D:15)
  3 salamander mystics
  A spatial maelstrom (Abyss:3)
  3 goliath frogs (Swamp:1)
  2 deep trolls (D:15)
  7 naga ritualists
  3 bog bodies
  2 spriggan druids
  A wizard (D:14)
  2 swamp dragons
  8 orc knights
  7 deep elf archers
  4 mana vipers
  3 necromancers
  A lindwurm (Lair:6)
  An anaconda skeleton (Abyss:3)
  17 deep elf zephyrmancers
  32 deep elf pyromancers
  13 salamanders
  5 orc sorcerers
  5 cyclopes
  3 will-o-the-wisps (Swamp:1)
  A worldbinder (Abyss:3)
  4 manticores
  A moth of wrath (Gauntlet)
  A guardian serpent (Snake:2)
  35 black mambas
  An apocalypse crab (Abyss:3)
  21 elephants
  A rust devil (Abyss:3)
  14 naga magi
  10 cane toads
  2 smoke demons (Abyss:3)
  A kobold demonologist (D:8)
  2 unseen horrors (D:13)
  2 gargoyles (D:11)
  2 rime drakes
  12 komodo dragons
  A komodo dragon (shapeshifter) (Elf:2)
  5 yaktaurs (D:15)
  10 trolls
  6 meliai
  5 tyrant leeches
  4 polar bears
  53 slime creatures
  A raiju (shapeshifter) (Abyss:3)
  11 dream sheep (Lair:6)
  11 blink frogs
  5 wraiths
  Sigmund (D:6)
  3 water elementals
  A shadow (D:11)
  A vampire (D:10)
  A spriggan (shapeshifter) (Elf:2)
  3 air elementals
  66 yaks
  3 fire elementals
  2 basilisks
  A golden eye (Slime:1)
  A steam dragon (Lair:3)
  7 wyverns
  A neqoxec (Abyss:3)
  A chaos spawn (Gauntlet)
  7 vampire mosquitoes
  10 swamp worms
  8 wargs
  45 nagas
  A spatial vortex (Abyss:3)
  19 water moccasins
  2 hell hounds (D:14)
  45 orc warriors
  3 sky beasts
  An ice beast (shapeshifter) (Elf:1)
  A black bear (D:7)
  7 ogres
  3 necrophages
  4 boggarts (D:15)
  24 wolves
  2 large abominations (Abyss:3)
  3 phantoms
  24 centaurs
  A kobold brigand (D:7)
  Blork the orc (D:6)
  12 bullfrogs
  A gnoll sergeant (D:9)
  5 earth elementals
  3 scorpions
  A wyvern zombie (D:7)
  A water moccasin zombie (D:5)
  4 small abominations (Abyss:3)
  A troll zombie (D:11)
  A howler monkey (D:4)
  2 electric eels (Lair:2)
  4 centaur zombies
  4 hounds
  3 jellies
  3 gnoll shamans
  21 orc priests
  A bullfrog skeleton (D:6)
  2 centaur skeletons
  3 iguanas
  A hell rat (Lair:4)
  26 orc wizards
  A killer bee zombie (D:8)
  7 ogre zombies (D:11)
  19 gnolls
  3 adders
  3 river rats (Lair:4)
  A white imp (D:8)
  A howler monkey simulacrum (D:8)
  An ufetubus (D:7)
  3 worms
  A dart slug (D:4)
  115 orcs
  5 bats
  6 endoplasms
  5 giant cockroaches
  7 hobgoblins
  12 kobolds
  3 quokkas
  10 ball pythons
  3 frilled lizards
  9 goblins
  4 goblin skeletons (D:11)
  3 goblin zombies (D:11)
  2 hobgoblin skeletons (D:11)
  4 orc skeletons (D:11)
  12 orc zombies (D:11)
  15 rats
1174 creatures vanquished.

Vanquished Creatures (collateral kills)
  A cane toad (Lair:1)
1 creature vanquished.

Vanquished Creatures (others)
  A tentacled starspawn (Abyss:3)
  A deep elf knight (Elf:2)
  A deep elf pyromancer (Elf:1)
  3 raiju (Abyss:3)
  A large abomination (Abyss:3)
  A starcursed mass (Abyss:3)
  A golden eye (shapeshifter) (Abyss:3)
  An orc wizard (Orc:2)
  A bush (Lair:6)
  12 foxfires (Swamp:1)
  55 fungi
  97 plants
  4 starspawn tentacles (Abyss:3)
179 creatures vanquished.

Grand Total: 1354 creatures vanquished

Notes
Turn   | Place    | Note
-------+----------+-------------------------------------------
     0 | D:1      | oldriver the Kobold Hunter began the quest for the Orb.
     0 | D:1      | Reached XP level 1. HP: 12/12 MP: 1/1
   160 | D:1      | Reached XP level 2. HP: 18/18 MP: 2/2
   257 | D:1      | Reached skill level 2 in Stealth
   930 | D:2      | Reached XP level 3. HP: 22/22 MP: 3/3
  1235 | D:2      | Found a faded altar of an unknown god.
  1407 | D:3      | Found a basalt altar of Yredelemnul.
  1521 | D:3      | Reached skill level 3 in Stealth
  1521 | D:3      | Reached XP level 4. HP: 8/28 MP: 4/4
  1830 | D:3      | Noticed an ogre
  2578 | D:4      | Reached skill level 4 in Stealth
  2578 | D:4      | Reached XP level 5. HP: 12/33 MP: 5/5
  3518 | D:3      | Killed an ogre
  3519 | D:3      | Reached XP level 6. HP: 38/38 MP: 6/6
  3583 | D:3      | Reached skill level 5 in Stealth
  3941 | D:4      | Reached skill level 5 in Dodging
  4200 | D:4      | Identified the +8 hunting sling of Midsummer {freeze, rF-
                  | Will+++ Str+2}
  4454 | D:4      | Reached XP level 7. HP: 44/44 MP: 7/7
  5005 | D:5      | Entered Level 5 of the Dungeon
  5110 | D:5      | Reached skill level 5 in Fighting
  5110 | D:5      | Reached skill level 6 in Stealth
  5395 | D:5      | Reached XP level 8. HP: 51/51 MP: 8/8
  5421 | D:5      | Reached skill level 7 in Stealth
  5676 | D:5      | Found Zeufyel's Magic Scroll Shop.
  6014 | D:6      | Noticed a komodo dragon
  6238 | D:6      | Noticed Sigmund
  6258 | D:6      | Killed Sigmund
  6259 | D:6      | Reached skill level 5 in Slings
  6259 | D:6      | Reached skill level 8 in Stealth
  6259 | D:6      | Reached XP level 9. HP: 41/56 MP: 6/9
  6462 | D:6      | Noticed Blork the orc
  6468 | D:6      | Killed Blork the orc
  6675 | D:6      | Found a staircase to the Ecumenical Temple.
  7191 | D:6      | Killed a komodo dragon
  7192 | D:6      | Reached skill level 9 in Stealth
  7664 | Temple   | Entered the Ecumenical Temple
  7936 | Temple   | Became a worshipper of Dithmenos the Shadowed
  8187 | D:7      | Reached XP level 10. HP: 64/64 MP: 10/10
  8605 | D:7      | Reached skill level 10 in Stealth
  9316 | D:8      | Reached * piety under Dithmenos
  9332 | D:8      | Noticed a death yak
  9367 | D:8      | Noticed a two-headed ogre
  9396 | D:8      | Killed a two-headed ogre
  9700 | D:8      | Reached skill level 11 in Stealth
  9888 | D:8      | Noticed a boulder beetle
  9920 | D:8      | Killed a boulder beetle
 10216 | D:8      | Noticed a centaur warrior
 10233 | D:8      | Killed a centaur warrior
 10234 | D:8      | Reached skill level 10 in Dodging
 10234 | D:8      | Reached XP level 11. HP: 15/71 MP: 2/11
 10634 | D:8      | Noticed a two-headed ogre
 10649 | D:8      | Learned a level 3 spell: Call Canine Familiar
 10654 | D:8      | Noticed an eight-headed hydra
 10965 | D:8      | Reached skill level 12 in Stealth
 11136 | D:8      | Killed a death yak
 11137 | D:8      | Reached skill level 1 in Spellcasting
 11137 | D:8      | Reached skill level 1 in Summonings
 11271 | D:9      | Found a flagged portal.
 11291 | Bailey   | Entered a bailey
 11499 | Bailey   | Reached ** piety under Dithmenos
 11867 | Bailey   | Reached skill level 10 in Fighting
 12591 | D:9      | Noticed Grum
 13063 | D:8      | Killed a two-headed ogre
 13110 | D:8      | Noticed a cyclops
 13118 | D:8      | Identified the +11 scythe "Pes Jime" {spect, rC+ rN+ Int-2}
 13505 | D:9      | Reached skill level 13 in Stealth
 13881 | D:10     | Entered Level 10 of the Dungeon
 13926 | D:10     | Reached *** piety under Dithmenos
 13948 | D:10     | Reached XP level 12. HP: 77/77 MP: 17/17
 14005 | D:10     | Noticed a two-headed ogre
 14041 | D:10     | Killed a two-headed ogre
 14984 | D:11     | Found a staircase to the Orcish Mines.
 15380 | D:11     | Reached **** piety under Dithmenos
 15534 | D:11     | Noticed Gastronok
 15586 | D:11     | Killed Gastronok
 16015 | D:11     | Found a staircase to the Lair.
 16221 | D:11     | Found a transporter.
 16272 | D:11     | Noticed a two-headed ogre
 16278 | D:11     | Killed a two-headed ogre
 16279 | D:11     | Reached skill level 10 in Slings
 16279 | D:11     | Reached skill level 5 in Spellcasting
 16279 | D:11     | Reached skill level 5 in Summonings
 16422 | D:11     | Reached skill level 14 in Stealth
 16561 | Lair:1   | Entered Level 1 of the Lair of Beasts
 16956 | Lair:1   | Reached XP level 13. HP: 63/84 MP: 15/20
 17392 | Lair:1   | Identified the +1 scale mail of an ice cave {rElec Regen+
                  | MP+9 Int-4}
 17991 | Lair:2   | Found a gate leading to a gauntlet.
 17997 | Gauntlet | Entered a Gauntlet
 17997 | Gauntlet | Found a transporter.
 18038 | Gauntlet | Found a transporter.
 18049 | Gauntlet | Found a transporter.
 18051 | Gauntlet | Found a runed translucent gate.
 18051 | Gauntlet | Found a runed translucent gate.
 18051 | Gauntlet | Found a runed translucent gate.
 18091 | Gauntlet | Found a transporter.
 18374 | Gauntlet | Found a transporter.
 18376 | Gauntlet | Found a transporter.
 18513 | Gauntlet | Found a transporter.
 18525 | Gauntlet | Found a transporter.
 18525 | Gauntlet | Found a transporter.
 18848 | Gauntlet | Found a transporter.
 18869 | Gauntlet | Found a transporter.
 18869 | Gauntlet | Found a transporter.
 18971 | Gauntlet | Noticed a minotaur
 19238 | Lair:2   | Killed a minotaur
 19238 | Lair:2   | Reached ***** piety under Dithmenos
 19335 | Lair:2   | Noticed an eight-headed hydra
 19368 | Lair:2   | Found a staircase to the Swamp.
 19484 | Lair:2   | Reached skill level 15 in Stealth
 19610 | Lair:2   | Reached skill level 1 in Evocations
 19620 | Lair:2   | Found a staircase to the Snake Pit.
 19662 | Lair:2   | Noticed Harold
 19717 | Lair:2   | Killed Harold
 20184 | Lair:2   | Killed an eight-headed hydra
 20688 | Lair:3   | Noticed a four-headed hydra
 20702 | Lair:3   | Killed a four-headed hydra
 20711 | Lair:3   | Noticed a five-headed hydra
 20721 | Lair:3   | Killed a five-headed hydra
 21111 | Lair:3   | Identified the +6 whip "Luff" {speed, Fly}
 22025 | Lair:4   | Noticed an eight-headed hydra
 22039 | Lair:4   | Killed an eight-headed hydra
 22265 | Lair:4   | Reached XP level 14. HP: 90/92 MP: 21/21
 22741 | Lair:4   | Reached skill level 16 in Stealth
 22834 | Lair:4   | Reached skill level 5 in Evocations
 23809 | Orc:1    | Entered Level 1 of the Orcish Mines
 24540 | Orc:1    | Reached ****** piety under Dithmenos
 25021 | Orc:2    | Entered Level 2 of the Orcish Mines
 25641 | Lair:5   | Found a staircase to the Slime Pits.
 26567 | Lair:6   | Entered Level 6 of the Lair of Beasts
 26788 | Lair:5   | Reached skill level 1 in Armour
 26847 | Lair:5   | Reached skill level 17 in Stealth
 26850 | Lair:5   | Reached XP level 15. HP: 86/99 MP: 22/22
 27949 | Lair:6   | Got the Incunabulum of Unholy Arts
 30414 | Orc:1    | Reached skill level 18 in Stealth
 30811 | Orc:2    | Found Vafi's Antique Armour Emporium.
 30811 | Orc:2    | Found Deklusm's Jewellery Shop.
 30815 | Orc:2    | Found Xamooj's Magic Scroll Shop.
 30815 | Orc:2    | Found Ogiantux's Magic Scroll Emporium.
 30824 | Orc:2    | Bought a scroll of blinking for 75 gold pieces
 30824 | Orc:2    | Bought a scroll of enchant armour for 75 gold pieces
 30824 | Orc:2    | Bought a scroll of enchant armour for 75 gold pieces
 30825 | Orc:2    | Bought a scroll of blinking for 112 gold pieces
 30825 | Orc:2    | Bought a scroll of blinking for 112 gold pieces
 30827 | Orc:2    | Bought a shimmering robe for 193 gold pieces
 30827 | Orc:2    | Identified the +3 robe of Fortification {Harm *Slow rN+
                  | rCorr} (You bought it in a shop on level 2 of the Orcish
                  | Mines)
 31219 | Orc:2    | Found a staircase to the Elven Halls.
 31258 | Orc:2    | Reached XP level 16. HP: 106/106 MP: 23/23
 31601 | Orc:1    | Found Bemi's Antique Weapon Shop.
 31972 | D:12     | Noticed Fannar
 32169 | D:12     | Noticed Erolcha
 32178 | D:12     | Killed Erolcha
 32578 | D:12     | Noticed Sonja
 32583 | D:12     | Killed Sonja
 32669 | D:12     | Reached skill level 15 in Dodging
 32701 | D:12     | Found a portal to a secret trove of treasure.
 32967 | D:12     | Killed Fannar
 33273 | D:13     | Found Ludeg's Book Shop.
 33311 | D:13     | Reached skill level 10 in Evocations
 33365 | D:13     | Found an opulent altar of Gozag.
 33685 | D:13     | Reached skill level 5 in Armour
 33757 | D:13     | Noticed Nessos
 33805 | D:11     | Noticed SirDiesAlot's ghost (journeyman GrEE)
 33805 | D:11     | Found a transporter.
 33883 | Orc:2    | Bought a ring of poison resistance for 320 gold pieces
 34004 | Snake:1  | Entered Level 1 of the Snake Pit
 34249 | Snake:1  | Reached skill level 19 in Stealth
 34289 | Snake:1  | Reached skill level 15 in Fighting
 34573 | Snake:1  | Reached skill level 20 in Stealth
 34783 | Snake:1  | You fall into a shaft and drop 1 floor!
 35610 | Snake:2  | Reached skill level 21 in Stealth
 36136 | Snake:2  | Reached XP level 17. HP: 102/113 MP: 24/24
 36329 | Snake:2  | Reached skill level 1 in Shields
 37674 | Snake:2  | Reached skill level 1 in Invocations
 38282 | Swamp:1  | Entered Level 1 of the Swamp
 38441 | Swamp:1  | Identified the +11 falchion "Latwiem" {venom, rCorr Int-3
                  | Stlth+}
 39296 | Swamp:1  | Reached skill level 5 in Shields
 39476 | Swamp:2  | Found a runed translucent door.
 39529 | Swamp:2  | Noticed a thorn hunter
 39583 | Swamp:2  | Reached skill level 5 in Invocations
 39611 | Swamp:2  | Noticed Louise
 39650 | Swamp:2  | Killed Louise
 39826 | Swamp:2  | Killed a thorn hunter
 39967 | Swamp:2  | Noticed a tentacled monstrosity
 40007 | Swamp:2  | Killed a tentacled monstrosity
 40340 | Swamp:2  | Noticed dhel's ghost (journeyman TrMo)
 41239 | D:12     | Identified the +1 robe "Zonetebe" {Str+4 SInv}
 41274 | D:13     | Killed Nessos
 41725 | D:14     | Found a transporter.
 41745 | D:14     | Found a transporter.
 42133 | D:14     | Found a gate to the Vaults.
 42824 | D:15     | Entered Level 15 of the Dungeon
 43088 | D:15     | Reached XP level 18. HP: 113/119 MP: 25/25
 43426 | D:15     | Found Zin's Purification Station.
 43428 | D:15     | Found a glowing silver altar of Zin.
 43646 | D:15     | Noticed Agnes
 43671 | D:15     | Killed Agnes
 44058 | D:15     | Found a staircase to the Depths.
 44360 | D:15     | Cast into level 2 of the Abyss (skeletal warrior)
 45436 | Abyss:3  | Paralysed by you for 6 turns
 45742 | Abyss:3  | Noticed an Executioner
 45781 | Abyss:3  | Found a corrupted altar of Lugonu.
 45784 | D:15     | Escaped the Abyss
 46731 | Elf:1    | Entered Level 1 of the Elven Halls
 47670 | Elf:1    | Found Qoukaqif's Gadget Gallery.
 48078 | Slime:1  | Entered Level 1 of the Pits of Slime
 48084 | Slime:1  | Reached skill level 10 in Invocations
 48823 | Slime:1  | Noticed an acid blob
 48859 | Slime:1  | Killed an acid blob
 49279 | Snake:1  | Upgraded the game from 0.28-a0-1594-ga885d4b3d6 to
                  | 0.28-a0-1613-gdaab1c2f9b
 49390 | Snake:3  | Noticed Aizul
 49413 | Snake:3  | Killed Aizul
 50153 | Snake:3  | Found Fuvub's Jewellery Boutique.
 50153 | Snake:3  | Found Italobem's Jewellery Boutique.
 50154 | Snake:3  | Found Hoafuvoc's Book Shoppe.
 51083 | Snake:3  | Reached skill level 10 in Shields
 51190 | Snake:4  | Entered Level 4 of the Snake Pit
 51213 | Snake:4  | Found a flickering gateway to a bazaar.
 51218 | Bazaar   | Entered a bazaar
 51218 | Bazaar   | Found Eblef's Weapon Boutique.
 51220 | Bazaar   | Found Datejefi's Book Shoppe.
 51239 | Bazaar   | Found Xovyer's Antique Weapon Emporium.
 51244 | Bazaar   | Bought a brightly glowing hunting sling for 123 gold pieces
 51244 | Bazaar   | Identified the +4 hunting sling of the Illusory Allies
                  | {venom, Drain Fly Int+4 SInv} (You bought it in a shop in a
                  | bazaar)
 51244 | Bazaar   | Found Jeenagh's Weapon Shop.
 51247 | Bazaar   | Found Lenuar's Distillery.
 51252 | Bazaar   | Bought a potion of curing for 42 gold pieces
 51252 | Bazaar   | Bought a potion of haste for 140 gold pieces
 51252 | Bazaar   | Bought 2 potions of invisibility for 224 gold pieces
 51252 | Bazaar   | Bought a potion of magic for 112 gold pieces
 51252 | Bazaar   | Bought a potion of resistance for 140 gold pieces
 51252 | Bazaar   | Bought a potion of heal wounds for 70 gold pieces
 51722 | Snake:4  | Found Mugrube's Magic Scroll Boutique.
 51731 | Snake:4  | Bought a scroll of enchant armour for 112 gold pieces
 51745 | Snake:4  | Found a shadowy altar of Dithmenos.
 51980 | Snake:4  | Noticed Vashnia
 52538 | Snake:4  | Reached XP level 19. HP: 102/124 MP: 26/26
 54854 | Snake:4  | Killed Vashnia
 54942 | Snake:4  | Got a serpentine rune of Zot
 55732 | Elf:1    | Found Roteal's Antique Weapon Shop.
 56531 | Elf:3    | Entered Level 3 of the Elven Halls
 56630 | Elf:2    | Reached skill level 22 in Stealth
 57294 | Elf:2    | Paralysed by an air elemental for 1 turns
 58561 | Elf:2    | Found Qudoerig's Distillery.
 58572 | Elf:2    | Bought a potion of curing for 63 gold pieces
 58572 | Elf:2    | Bought a potion of invisibility for 168 gold pieces
 58572 | Elf:2    | Bought a potion of heal wounds for 105 gold pieces
 58622 | Elf:2    | Found a huge runed translucent gate.
 58622 | Elf:2    | Found a huge runed translucent gate.
 58622 | Elf:2    | Found a huge runed translucent gate.
 58622 | Elf:2    | Found a huge runed translucent gate.
 58622 | Elf:2    | Found a huge runed translucent gate.
 59616 | Elf:2    | Reached XP level 20. HP: 121/131 MP: 28/28
 59977 | Elf:3    | Paralysed by an air elemental for 1 turns
 60045 | Elf:3    | Paralysed by an air elemental for 1 turns
 62216 | Snake:3  | Bought a ring of resist corrosion for 300 gold pieces
 62620 | Slime:1  | HP: 4/127 [rockslime (25)]
 62621 | Slime:1  | Slain by a rockslime

Illustrated notes

Levels and vault maps discovered:
D:1:      dpeg_arrival_stonehenge_12_columns, layout_basic
D:2:      cheibrodos_old_hovel, layout_rooms, ebering_ecumenical_altar_hall
D:3:      layout_basic, nicolae_overflow_crystal_walls, minmay_unequal
D:4:      layout_basic, chequers_serial_rivers_room_a, corexii_leaking_fountain,
          minmay_cupped
D:5:      layout_cave_pools, serial_shops, nicolae_shop_behind_doors
D:6:      kennysheep_big_flooded_room, layout_basic,
          minmay_temple_entry_overgrown, uniq_sigmund, uniq_blork_the_orc
D:7:      corexii_shack_village, layout_rooms, minmay_misc_feat_tiny
D:8:      layout_basic, serial_ice, serial_ice_g, serial_ice_f, serial_ice_c,
          serial_ice_b, minmay_evil_grid
D:9:      layout_irregular_city, enter_bailey_3, nrook_mini_backslash, uniq_grum
D:10:     layout_loops_ring, chequers_serial_rivers_room_a
D:11:     layout_long_grid, erik_lair_orcish_takeover, zombieorc2_lemuel,
          gammafunk_ghost_hive, uniq_gastronok
D:12:     layout_irregular_city, serial_glass, glass_columns_a, glass_columns_b,
          feat_on_display, enter_trove_3, uniq_fannar, uniq_erolcha, uniq_sonja
D:13:     layout_cave_pools, serial_shops, shop, nicolae_gozag_seed_capital,
          uniq_nessos
D:14:     layout_basic, david_vaults_1, chequers_serial_rivers_small_3,
          gammafunk_ghost_abyssal_escape, minmay_rotating_lava
D:15:     hangedman_depths_entry_civil_slaughter, layout_gridville,
          dk_noncrumbling_2, serial_bayou_pond_c, zin_purify, uniq_agnes
Temple:   nicolae_temple_the_god_donut
Lair:1:   layout_loops_ring, serial_forest, infiniplex_forest_join,
          infiniplex_forest_end_2, infiniplex_forest_end_1,
          infiniplex_forest_lined_room_2, infiniplex_forest_end_3,
          infiniplex_forest_end_3
Lair:2:   layout_chaotic_city, minmay_swamp_entry_reptiles, dummy_snake_entry,
          gauntlet_entry_generic, infiniplex_staircase_pool,
          serial_bayou_shore_a, serial_bayou_shore_b, lemuel_fruit_tree,
          grunt_megastairs_3, uniq_harold
Lair:3:   layout_layer_cave
Lair:4:   beast_lair_carwin_large_3, layout_long_grid,
          kennysheep_abandoned_house
Lair:5:   layout_loops_ring, slime_dummy, lemuel_fruit_fields,
          grunt_megastairs_1
Lair:6:   evilmike_catoblepas_cave, layout_small_grid
Swamp:1:  layout_basic_swamp, portal_ice_cave_entry_pillars_four,
          nicolae_swamp_treefoil
Swamp:2:  cheibrodos_swamp_monstrosity, layout_basic_swamp,
          hellmonk_ghost_happy_afterlife, evilmike_swamp_ruin_house_6,
          swamp_pool1, uniq_louise
Swamp:3:  layout_falls_marsh, evilmike_swamp_ruin_house_4, swamp_pool1,
          nicolae_swamp_godswood, uniq_kirke
Snake:1:  layout_misc_corridors
Snake:2:  layout_grid_maze
Snake:3:  layout_layer_cave, serial_bayou_shore_b, minmay_shop_grove, uniq_aizul
Snake:4:  snake_pit, layout_cave_town, basic_altar, serial_shops,
          bzr_entry_road, grunt_ministairs_15, minmay_shop_star, uniq_vashnia
Slime:1:  nicolae_slime_pool, layout_caves, cheibrodos_slime_lost_civilization_7
Orc:1:    layout_diamond_mine, serial_shops,
          nicolae_shop_competitors_out_of_business, basic_altar, special_room
          [special_room_orc]
Orc:2:    grunt_orc_tribal_feast, layout_caves
Elf:1:    minmay_elf_arrival_circle, layout_rooms, serial_shops,
          nicolae_shop_crystal, minivault_28, nicolae_shop_gadgets
Elf:2:    elven_hall_of_blades_hangedman_alternative
          [nicolae_blade_entry_diamond_columns], layout_loops_cross,
          serial_shops, shop, guppyfry_elf_garden
Elf:3:    minmay_elf_hall, layout_rooms, grunt_ministairs_1

Skill      XL: |  1  2  3  4  5  6  7  8  9 10 11 12 13 14 15 16 17 18 19 |
---------------+----------------------------------------------------------+-----
Stealth        | 2 3 4 5 6 8 9 11 13 14 15 17 18 21 22 | 22.3
Dodging        | 3 4 5 6 7 8 10 11 12 13 14 15 16 | 16.2
Fighting       | 3 4 5 6 7 9 10 11 12 13 14 15 | 15.9
Slings         | 5 6 7 9 10 11 12 13 | 13.2
Spellcasting   | 3 5 |  5.0
Summonings     | 3 5 |  5.0
Evocations     | 4 7 9 10 | 10.0
Armour         | 1 4 5 6 |  6.5
Shields        | 7 10 | 10.9
Invocations    | 8 10 11 | 11.5

Action                   |  1- 3 |  4- 6 |  7- 9 | 10-12 | 13-15 | 16-18 | 19-21 || total
-------------------------+-------+-------+-------+-------+-------+-------+-------++-------
Melee: Dagger            |     7 |       |       |       |       |       |       ||     7
       Hunting sling     |       |       |       |       |     2 |     4 |       ||     6
 Fire: Hunting sling     |    97 |   160 |   203 |   776 |  1825 |  2820 |  1382 ||  7263
Throw: Dart              |       |     5 |    16 |    57 |    39 |    10 |       ||   127
       Throwing net      |       |       |       |       |       |     1 |       ||     1
 Cast: Call Canine Famil |       |       |       |     8 |     1 |       |       ||     9
Invok: Shadow Form       |       |       |       |       |       |     1 |       ||     1
       Shadow Step       |       |       |       |       |       |       |     1 ||     1
Evoke: Wand              |       |       |     1 |     1 |     5 |     1 |     2 ||    10
       Lightning rod     |       |       |       |       |     4 |     8 |     7 ||    19
       Condenser vane    |       |       |       |       |     2 |     3 |       ||     5
       Phantom mirror    |       |       |       |       |     1 |     2 |       ||     3
  Use: Scroll            |       |     4 |     4 |     7 |    12 |    18 |     3 ||    48
       Potion            |       |       |       |       |       |       |     2 ||     2
Armor: Leather armour    |       |     5 |     4 |       |       |       |       ||     9
       Ring mail         |       |       |       |    11 |       |       |       ||    11
       Troll leather arm |       |       |       |    25 |    19 |       |       ||    44
       Scale mail        |       |       |       |       |   118 |   383 |   131 ||   632
Dodge: Dodged            |    15 |    48 |    57 |   313 |   671 |   898 |   309 ||  2311
Block: Kite shield       |       |       |       |       |       |   619 |   325 ||   944
       Reflection        |       |       |       |       |       |    72 |    73 ||   145

Table legend: (Time is in decaauts)
 A = Elapsed time spent in this place.
 B = Non-inter-level travel time spent in this place.
 C = Inter-level travel time spent in this place.
 D = Time resting spent in this place.
 E = Time spent auto-exploring this place.
 F = Levels seen in this place.
 G = Mean time per level.
                   A        B        C        D        E       F      G
               +--------+--------+--------+--------+--------+-----+--------+
         Total |  61087 |  56537 |   4550 |   8809 |  32405 |  40 | 1527.2 |
       Dungeon |  21604 |  19992 |   1612 |   2829 |  12919 |  15 | 1440.3 |
        Temple |    284 |    272 |     12 |      0 |    244 |   1 |  284.0 |
          Lair |  10783 |   9269 |   1514 |    426 |   6810 |   6 | 1797.2 |
         Swamp |   2917 |   2725 |    192 |    290 |   1681 |   3 |  972.3 |
     Snake Pit |   9991 |   9491 |    500 |   1697 |   4980 |   4 | 2497.8 |
    Slime Pits |   2359 |   2290 |     69 |    603 |    796 |   1 | 2359.0 |
  Orcish Mines |   4586 |   4281 |    305 |   1491 |   1467 |   2 | 2293.0 |
   Elven Halls |   5056 |   4712 |    344 |    993 |   2401 |   3 | 1685.3 |
         Abyss |   1386 |   1386 |      0 |    171 |    191 |   2 |  693.0 |
        Bazaar |     58 |     58 |      0 |      0 |     47 |   1 |   58.0 |
        Bailey |   1053 |   1053 |      0 |      0 |    558 |   1 | 1053.0 |
      Gauntlet |   1005 |   1005 |      0 |    306 |    308 |   1 | 1005.0 |
               +--------+--------+--------+--------+--------+-----+--------+

Top non-repeatable levels by time:
 Snake:4: 3727 daAuts
   Elf:2: 2844 daAuts
   Orc:1: 2664 daAuts
 Snake:2: 2641 daAuts
     D:8: 2394 daAuts
 Slime:1: 2359 daAuts
    D:15: 2309 daAuts
  Lair:6: 2236 daAuts
    D:11: 2233 daAuts
     D:3: 2151 daAuts
 Snake:3: 2096 daAuts
     D:6: 2028 daAuts
   Orc:2: 1921 daAuts
  Lair:3: 1895 daAuts
  Lair:2: 1811 daAuts
